 Dungeon Sprint DCSS version 0.28-a0-476-g0f06bd746f (webtiles) character file.

Game seed: 353342847408027676

377127 dolemite99 the Rich (level 16, 145/145 HPs)
             Began as a Gnoll Artificer on Sept 17, 2021.
             Was an Initiate of Gozag.
             Escaped with the Orb!
             The game lasted 00:48:22 (6784 turns).

dolemite99 the Rich (Gnoll Artificer)               Turns: 6784, Time: 00:48:23

Health: 145/145    AC: 27    Str: 24    XL:     16   Next: 89%
Magic:  47/47      EV: 13    Int: 17    God:    Gozag
Gold:   4144       SH: 38    Dex: 16    Spells: 30/51 levels left

rFire   + . .      SeeInvis +   a - +11 lance "Wyrmbane" {slay drac, rPois rF+ rC+ AC+3}
rCold   + . .      Faith    .   R - +18 shield of the Gong {rElec rN+ Will+ EV-5}
rNeg    + + +      Spirit   .   B - +3 chain mail of Ekyuregg {rN+ rCorr}
rPois   +          Reflect  +   (no helmet)
rElec   +          Harm     .   (no cloak)
rCorr   +          Rampage  .   c - +1 pair of gloves "Usixeuz" {Will+}
Will    +++..      NoTele   +   A - +2 pair of boots {Fly}
Stlth   ++........              X - amulet "Tarogiost" {Reflect rN+++ SH+5}
HPRegen 0.34/turn               D - ring of Tuchian {+Blink rPois Str+6 Int+3 Dex+3}
MPRegen 0.30/turn               b - ring "Diragiog" {rElec MP+9 Str+3 SInv}

@: flying, studying 5 skills, bribing [the Dungeon]
A: fangs 1, strong nose, distributed training
0: Orb of Zot
a: Renounce Religion, Evoke Blink, Potion Petition, Call Merchant, Bribe Branch


You escaped.
You worshipped Gozag.
Gozag was most pleased with you.
You visited 1 branch You collected 30984 gold pieces.
You spent 572 gold pieces at shops.
You paid 26268 gold pieces to Gozag.

Inventory:

Hand Weapons
 a - the +11 lance "Wyrmbane" (weapon) {slay drac, rPois rF+ rC+ AC+3}
   (You found it in the Dungeon)

   It inflicts extra damage against dragons and draconians.
   AC:        It affects your AC (+3).
   rF:        It protects you from fire.
   rC:        It protects you from cold.
   rPois:     It protects you from poison.
 w - a +5 demon trident of electrocution
 y - the +4 long sword of Covvoj {vorpal, rElec rF+ rC+}
   (You found it in the Dungeon)

   It inflicts extra damage upon your enemies.
   rF:        It protects you from fire.
   rC:        It protects you from cold.
   rElec:     It insulates you from electricity.
 F - the +5 demon whip "Spellbinder" {antimagic, Will+}
   (You found it in the Dungeon)

   It reduces the magical energy of the wielder, and disrupts the spells and
   magical abilities of those it strikes.
   Natural abilities and divine invocations are not affected.
   It unleashes wild and unpredictable magical effects upon striking a wizard or
   a creature with magical abilities.
   Will:      It increases your willpower.
 T - the +7 Singing Sword {vorpal, sonic wave}
   (You found it in the Dungeon)

   It inflicts extra damage upon your enemies.
   It radiates damaging sonic waves as it strikes, especially in combat
   involving dangerous or numerous foes.
 V - the +9 rapier of Mesor {vorpal, rPois Will+}
   (You found it in the Dungeon)

   It inflicts extra damage upon your enemies.
   rPois:     It protects you from poison.
   Will:      It increases your willpower.
 Y - the +3 rapier of Ompeci Miss {vorpal, Will+}
   (You found it in the Dungeon)

   It inflicts extra damage upon your enemies.
   Will:      It increases your willpower.
Missiles
 Z - 42 javelins (quivered)
Armour
 c - the +1 pair of gloves "Usixeuz" (worn) {Will+}
   (You found it in the Dungeon)

   Will:      It increases your willpower.
 A - a +2 pair of boots of flying (worn)
 B - the +3 chain mail of Ekyuregg (worn) {rN+ rCorr}
   (You found it in the Dungeon)

   rN:        It protects you from negative energy.
   rCorr:     It protects you from acid and corrosion.
 R - the +18 shield of the Gong (worn) {rElec rN+ Will+ EV-5}
   (You found it in the Dungeon)

   It is deafeningly noisy when blocking attacks.
   EV:        It affects your evasion (-5).
   rElec:     It insulates you from electricity.
   rN:        It protects you from negative energy.
   Will:      It increases your willpower.
Jewellery
 b - the ring "Diragiog" (right hand) {rElec MP+9 Str+3 SInv}
   (You found it in the Dungeon)

   [ring of magical power]

   Str:       It affects your strength (+3).
   rElec:     It insulates you from electricity.
   MP:        It affects your magic capacity (+9).
   SInv:      It lets you see invisible.
 k - an amulet of the acrobat
 s - a ring of ice
 C - a ring of wizardry
 D - the ring of Tuchian (left hand) {+Blink rPois Str+6 Int+3 Dex+3}
   (You found it in the Dungeon)

   [ring of strength]

   Str:       It affects your strength (+6).
   Int:       It affects your intelligence (+3).
   Dex:       It affects your dexterity (+3).
   rPois:     It protects you from poison.
   +Blink:    It lets you blink.
 E - the ring "Nociup" {rElec rPois Will+ Int+6}
   (You found it in the Dungeon)

   [ring of intelligence]

   Int:       It affects your intelligence (+6).
   rElec:     It insulates you from electricity.
   rPois:     It protects you from poison.
   Will:      It increases your willpower.
 G - a ring of magical power
 I - the ring of Guxovym {rC+ rCorr EV+4 Dex-3}
   (You found it in the Dungeon)

   [ring of evasion]

   EV:        It affects your evasion (+4).
   Dex:       It affects your dexterity (-3).
   rC:        It protects you from cold.
   rCorr:     It protects you from acid and corrosion.
 X - the amulet "Tarogiost" (around neck) {Reflect rN+++ SH+5}
   (You found it in the Dungeon)

   [amulet of reflection]

   It reflects blocked missile attacks.
   rN:        It renders you almost immune to negative energy.
   SH:        It affects your SH (+5).
Wands
 d - a wand of charming (12)
 v - a wand of mindburst (7)
Scrolls
 g - 2 scrolls of brand weapon
 q - 4 scrolls of amnesia
 r - 4 scrolls of fog
 t - 5 scrolls of identify {@r1}
 u - 2 scrolls of fear
 O - 8 scrolls of enchant armour
Potions
 f - 10 potions of curing
 h - 18 potions of haste
 i - 7 potions of magic
 j - 4 potions of berserk rage
 l - 2 potions of brilliance
 m - 4 potions of invisibility
 n - 4 potions of resistance
 p - 6 potions of might
 J - a potion of cancellation
Miscellaneous
 e - a piece from Xom's chessboard (15/15)
 o - a phantom mirror
 x - a condenser vane
 z - a phial of floods
 M - a tin of tremorstones (2/2)
 P - a box of beasts
 U - a lightning rod (4/4)


   Skills:
 + Level 18.6 Fighting
 + Level 18.3 Short Blades
 + Level 18.5 Long Blades
 + Level 18.3 Axes
 + Level 18.3 Maces & Flails
 + Level 18.3 Polearms
 + Level 18.3 Staves
 + Level 18.3 Slings
 + Level 18.3 Bows
 + Level 22.0 Crossbows
 + Level 22.2 Throwing
 + Level 18.7 Armour
 + Level 18.5 Dodging
 + Level 18.5 Stealth
 + Level 18.3 Shields
 + Level 18.3 Unarmed Combat
 + Level 18.3 Spellcasting
 + Level 15.8 Conjurations
 + Level 15.8 Hexes
 + Level 15.8 Summonings
 + Level 15.8 Necromancy
 + Level 15.8 Translocations
 + Level 15.8 Transmutations
 + Level 15.8 Fire Magic
 + Level 15.8 Ice Magic
 + Level 15.8 Air Magic
 + Level 15.8 Earth Magic
 + Level 15.8 Poison Magic
 + Level 23.4 Invocations
 + Level 19.1 Evocations


You had 30 spell levels left.
You knew the following spells:

 Your Spells              Type           Power      Damage    Failure   Level
a - Mephitic Cloud        Conj/Pois/Air  62%        N/A       1%          3
b - Blink                 Tloc           N/A        N/A       1%          2
c - Olgreb's Toxic Radia  Pois           62%        N/A       1%          4
d - Dispel Undead         Necr           62%        3d22      1%          4
e - Fireball              Conj/Fire      31%        3d13      1%          5
f - Vampiric Draining     Necr           31%        2d10      1%          3

Your spell library contained the following spells:

 Spells                   Type           Power      Damage    Failure   Level
 Animate Skeleton         Necr           100%       N/A       1%          1
 Apportation              Tloc           100%       N/A       1%          1
 Beastly Appendage        Tmut           100%       N/A       1%          1
 Foxfire                  Conj/Fire      100%       2x1d9     1%          1
 Freeze                   Ice            100%       1d11      1%          1
 Magic Dart               Conj           100%       1d8       1%          1
 Shock                    Conj/Air       100%       1d9       1%          1
 Sting                    Tmut/Pois      100%       1d8       1%          1
 Summon Small Mammal      Summ           100%       N/A       1%          1
 Call Imp                 Summ           62%        N/A       1%          2
 Corpse Rot               Necr/Air       N/A        N/A       1%          2
 Ensorcelled Hibernation  Hex/Ice        100%       N/A       1%          2
 Poisonous Vapours        Pois/Air       100%       N/A       1%          2
 Scorch                   Fire           100%       2d10      1%          2
 Slow                     Hex            62%        N/A       1%          2
 Static Discharge         Conj/Air       62%        N/A       1%          2
 Sublimation of Blood     Necr           31%        N/A       1%          2
 Wereblood                Tmut           62%        N/A       1%          2
 Call Canine Familiar     Summ           62%        N/A       1%          3
 Confusing Touch          Hex            62%        N/A       1%          3
 Conjure Flame            Conj/Fire      62%        6-21      1%          3
 Frozen Ramparts          Ice            100%       1d12      1%          3
 Ignite Poison            Fire/Tmut/Pois 62%        N/A       1%          3
 Inner Flame              Hex/Fire       62%        N/A       1%          3
 Lesser Beckoning         Tloc           62%        N/A       1%          3
 Ozocubu's Armour         Ice            62%        N/A       1%          3
 Portal Projectile        Hex/Tloc       100%       N/A       1%          3
 Spider Form              Tmut/Pois      31%        N/A       1%          3
 Stone Arrow              Conj/Erth      100%       3d13      1%          3
 Summon Guardian Golem    Hex/Summ       62%        N/A       1%          3
 Swiftness                Air            62%        N/A       1%          3
 Animate Armour           Summ/Erth      100%       N/A       1%          4
 Cause Fear               Hex            31%        N/A       1%          4
 Flame Wave               Conj/Fire      62%        3d11      1%          4
 Hailstorm                Conj/Ice       62%        3d13      1%          4
 Ice Form                 Ice/Tmut       62%        N/A       1%          4
 Iskenderun's Mystic Bla  Conj/Tloc      62%        2d13      1%          4
 Leda's Liquefaction      Hex/Erth       31%        N/A       1%          4
 Petrify                  Tmut/Erth      62%        N/A       1%          4
 Summon Ice Beast         Ice/Summ       62%        N/A       1%          4
 Summon Lightning Spire   Summ/Air       62%        N/A       1%          4
 Alistair's Intoxication  Tmut/Pois      41%        N/A       1%          5
 Blade Hands              Tmut           31%        N/A       1%          5
 Borgnjor's Vile Clutch   Necr/Erth      31%        N/A       1%          5
 Excruciating Wounds      Necr           31%        N/A       1%          5
 Freezing Cloud           Conj/Ice/Air   31%        6-21      1%          5
 Irradiate                Conj/Tmut      31%        3d24      1%          5
 Manifold Assault         Tloc           62%        N/A       1%          5
 Metabolic Englaciation   Hex/Ice        31%        N/A       1%          5
 Summon Forest            Summ/Tloc      31%        N/A       1%          5
 Summon Mana Viper        Hex/Summ       62%        N/A       1%          5
 Death Channel            Necr           31%        N/A       2%          6
 Dispersal                Tloc           31%        N/A       2%          6
 Eringya's Noxious Bog    Tmut/Pois      31%        N/A       2%          6
 Iron Shot                Conj/Erth      31%        9d6       2%          6
 Simulacrum               Ice/Necr       31%        N/A       2%          6
 Starburst                Conj/Fire      31%        6d9       2%          6
 Summon Cactus Giant      Summ           31%        N/A       2%          6
 Dragon Form              Tmut           31%        N/A       16%         7
 Malign Gateway           Summ/Tloc      31%        N/A       16%         7
 Monstrous Menagerie      Summ           31%        N/A       16%         7
 Ozocubu's Refrigeration  Ice            31%        4d11      16%         7
 Storm Form               Tmut/Air       31%        N/A       16%         7
 Summon Hydra             Summ           31%        N/A       16%         7
 Discord                  Hex            31%        N/A       77%         8
 Disjunction              Tloc           31%        N/A       77%         8
 Ignition                 Fire           31%        3d10      77%         8
 Lehudib's Crystal Spear  Conj/Erth      31%        10d8      77%         8
 Maxwell's Capacitive Co  Air            31%        ∞         77%         8
 Necromutation            Tmut/Necr      31%        N/A       77%         8
 Chain Lightning          Conj/Air       31%        3d41      100%        9
 Fire Storm               Conj/Fire      31%        8d8       100%        9
 Polar Vortex             Ice            31%        N/A       100%        9
 Shatter                  Erth           31%        3d25*     100%        9


Dungeon Overview and Level Annotations

Branches:
Dungeon (1/1)

Altars:
Ashenzari
Cheibriados
Dithmenos
Elyvilon
Fedhas
Gozag
Hepliaklqana
Kikubaaqudgha
Makhleb
Nemelex Xobeh
Okawaru
Qazlal
Ru
Sif Muna
Trog
Uskayaw
Vehumet
Wu Jian
Xom
Yredelemnul
Zin
The Shining One
Beogh
Jiyva
Lugonu

Shops:
D !

Annotations:
D Aizul, Antaeus, Asmodeus, Cerebov, Dispater, Edmund, Ereshkigal, Jessica, Mnoleg, Nessos, Saint Roka, Terence


Innate Abilities, Weirdness & Mutations

You have very sharp teeth.
Your uncanny sense of smell can sniff out nearby items.
Your experience applies equally to all skills.


Message History

Things that are here:
a +4 falchion; a +0 leather armour of cold resistance You swap places.
Key pressed, stopping explore.
Key pressed, stopping explore.
Partly explored, unvisited transporter.
Partly explored, unvisited transporter.
Partly explored, unvisited transporter.
Partly explored, unvisited transporter.
Partly explored, unvisited transporter.
Partly explored, unvisited transporter.
Partly explored, unvisited transporter.
You swap places.
You swap places.
You swap places.
What are your orders? t - Bark!
Orders for allies: a - Attack new target. r - Retreat! s - Stop attacking. g - Guard the area. f - Follow me.
Anything else - Cancel.
Follow me!
You see here the +9 plate armour "Rologiah" {Harm Fly rF+}.
You see here a +0 dagger.
You see here +1 swamp dragon scales.
You see here a +0 morningstar of protection.
There is a transporter here.
An exit appears before you!
You enter the transporter and appear at another place.
Found the Orb of Zot.
You swap places.
You swap places.
Found a staircase leading out of the dungeon.
You see here the Orb of Zot.
You pick up the Orb of Zot!
The Orb lets out a hideous shriek!
The lords of Pandemonium are not amused.
Beware!
Now all you have to do is get back out of the dungeon!
There is a staircase leading out of the dungeon here.
Your ancient lich yells, "Run!
I'll cover you!"
You have escaped!

........)...▓..▓.......▓..▓...8©8
...[e.......▓.▓▓▓.....▓▓▓.▓..}.))
)...........▓..▓.......▓..▓..).[[
.......e....▓.............▓......
............▓......©......▓=.....
............▓▓▓▓▓▓▓▓▓▓▓▓▓▓▓......
▓...∩...▓...▓8888888888888▓.S[.@.
▓▓.....▓▓▓..▓8....LVdVd..8▓..▓...
▓.......▓...▓8..@.z.LnV..8▓.▓....
............▓8....Ld.Vzz.8▓....©.
....e.......▓8888888888888▓▓▓▓▓▓▓
▓▓▓▓▓▓▓▓▓▓▓▓▓▓▓▓▓▓▓▓▓▓▓▓▓▓▓▓▓▓▓▓▓
..)..8©8........▓........8©8.)...
)::.)...[:})=:).▓.)))[)}|)})})[))
.[.J)).:XX|)[)}.▓.)})))).}.[)[|.)
||JJ$")X)J[}!=).▓.}.}||[..)))|.[.
...J..@X§G2.....▓....(..).[)[....


You could see a friendly ghoul, 2 friendly ancient liches, 2 friendly
draconians, a friendly white draconian, a friendly lich, 4 friendly vampire
knights and 3 friendly skeletal warriors.

Vanquished Creatures
  A pandemonium lord (D)
  4 quicksilver dragons (D)
  An acid blob (D)
  Frances (D)
  A rockslime (D)
  2 azure jellies (D)
  5 iron dragons (D)
  A draconian annihilator (D)
  A war gargoyle (D)
  2 quicksilver oozes (D)
  A black draconian (D)
  8 iron golems (D)
  4 crystal guardians (D)
  2 hydras (D)
  A naga warrior (D)
  2 vault guards (D)
  2 anacondas (D)
  A spriggan berserker (D)
  A hell hog (D)
  A spriggan druid (D)
  2 harpies (D)
  An elephant (D)
  A water nymph (D)
  A guardian serpent (D)
  5 black mambas (D)
  A naga mage (D)
  2 cane toads (D)
  Psyche (D)
  A guardian mummy (D)
  2 komodo dragons (D)
  An ice devil (D)
  A wind drake (D)
  Sigmund (D)
  A slime creature (D)
  5 spriggans (D)
  A ynoxinul (D)
  Eustachio (D)
  A hell hound (D)
  2 water moccasins (D)
  A floating eye (D)
  3 orc warriors (D)
  2 necrophages (D)
  A wolf (D)
  A phantom (D)
  A bullfrog (D)
  2 earth elementals (D)
  A wight (D)
  A crimson imp (D)
  2 quasits (D)
  2 iron imps (D)
  3 jellies (D)
  A starcursed mass (D)
  4 orc priests (D)
  An iguana (D)
  2 mummies (D)
  2 adders (D)
  A river rat (D)
  A white imp (D)
  2 ufetubi (D)
  An adder skeleton (D)
  4 ball pythons (D)
  4 endoplasms (D)
  2 jackals (D)
  2 ball python zombies (D)
120 creatures vanquished.

Vanquished Creatures (collateral kills)
  the Royal Jelly (D)
  A dread lich (D)
  A caustic shrike (D)
  A deep elf blademaster (D)
  A deep elf master archer (D)
  4 quicksilver dragons (D)
  3 ancient champions (D)
  A draconian monk (D)
  A rockslime (D)
  3 azure jellies (D)
  A shadow dragon (D)
  2 quicksilver elementals (D)
  2 draconian knights (D)
  4 iron dragons (D)
  2 draconian scorchers (D)
  A draconian shifter (D)
  A draconian stormcaller (D)
  A draconian annihilator (D)
  A war gargoyle (D)
  A deep elf elementalist (D)
  A vampire knight (D)
  A black draconian (D)
  A green draconian (D)
  3 red draconians (D)
  4 white draconians (D)
  3 yellow draconians (D)
  7 purple draconians (D)
  2 iron golems (D)
  Snorg (D)
  5 merfolk javelineers (D)
  2 crystal guardians (D)
  2 merfolk impalers (D)
  Harold (D)
  2 vault guards (D)
  A naga warrior (D)
  4 dancing weapons (D)
  2 merfolk aquamancers (D)
  3 crystal echidnas (D)
  3 skeletal warriors (D)
  A wretched star (D)
  A sea snake (D)
  2 large abominations (D)
  A necromancer (D)
  4 starcursed masses (D)
  A deep elf pyromancer (D)
  Pikel (D)
  2 cyclopes (D)
  3 manticores (D)
  A guardian serpent (D)
  A rust devil (D)
  A smoke demon (D)
  Maurice (D)
  A naga mage (D)
  3 water nymphs (D)
  Joseph (D)
  A hellion (D)
  A tormentor (D)
  A merfolk (D)
  A wind drake (D)
  2 snapping turtles (D)
  A ynoxinul (D)
  A shadow (D)
  A wyvern (D)
  A fire elemental (D)
  A chaos spawn (D)
  A hell hound (D)
  A necrophage (D)
  2 earth elementals (D)
  A crimson imp (D)
  3 iron imps (D)
  An ufetubus (D)
  An adder zombie (D)
  A ball python (D)
  A bat skeleton (D)
  A quokka skeleton (D)
130 creatures vanquished.

Vanquished Creatures (others)
  Khufu (D)
  Tiamat (D)
  Margery (D)
  Xtahua (D)
  Jory (D)
  Nellie (D)
  2 liches (D)
  A deep elf blademaster (D)
  2 acid blobs (D)
  A deep elf master archer (D)
  Donald (D)
  Agnes (D)
  Chuck (D)
  An ancient champion (D)
  2 nagarajas (D)
  2 azure jellies (D)
  3 draconian monks (D)
  2 deep elf sorcerers (D)
  3 draconian knights (D)
  3 draconian scorchers (D)
  5 draconian annihilators (D)
  A draconian shifter (D)
  A draconian stormcaller (D)
  5 stone giants (D)
  5 war gargoyles (D)
  3 vampire knights (D)
  A quicksilver ooze (D)
  A deep elf annihilator (D)
  13 yellow draconians (D)
  13 black draconians (D)
  12 purple draconians (D)
  8 green draconians (D)
  8 red draconians (D)
  6 white draconians (D)
  A merfolk javelineer (D)
  Josephine (D)
  2 merfolk impalers (D)
  A deep elf high priest (D)
  A vault guard (D)
  Erica (D)
  2 merfolk avatars (D)
  4 merfolk aquamancers (D)
  Urug (D)
  3 vampire magi (D)
  Nergalle (D)
  Sonja (D)
  2 deep elf archers (D)
  2 harpies (D)
  A deep elf zephyrmancer (D)
  2 manticores (D)
  A necromancer (D)
  2 deep elf pyromancers (D)
  2 guardian serpents (D)
  A water nymph (D)
  4 gargoyles (D)
  A naga mage (D)
  3 hellions (D)
  A tormentor (D)
  A yaktaur (D)
  2 merfolk (D)
  Prince Ribbit (D)
  A snapping turtle (D)
  Blork the orc (D)
  A ynoxinul (D)
  5 shadows (D)
  2 vampires (D)
  A naga (D)
  2 necrophages (D)
  An earth elemental (D)
  Dowan (D)
  5 wights (D)
  An adder (D)
  2 adder skeletons (D)
  A ball python (D)
  A bat zombie (D)
  A ball python skeleton (D)
  2 ball python zombies (D)
  A jackal skeleton (D)
  2 fire vortices (D)
189 creatures vanquished.

Grand Total: 439 creatures vanquished

Notes
Turn   | Place    | Note
-------+----------+-------------------------------------------
     0 | D        | dolemite99 the Gnoll Artificer began the quest for the Orb.
     0 | D        | Reached XP level 1. HP: 17/17 MP: 1/1
     0 | D        | Found a shimmering blue altar of Sif Muna.
     0 | D        | Found a sacrificial altar of Ru.
     0 | D        | Found a bloodstained altar of Trog.
     0 | D        | Found a stormy altar of Qazlal.
     0 | D        | Found an iron altar of Okawaru.
     0 | D        | Found a sparkling altar of Nemelex Xobeh.
     0 | D        | Found a blossoming altar of Fedhas.
     0 | D        | Found the +6 Majin-Bo {vamp, MP+6 Int+6}
     0 | D        | Found the +9 heavy crossbow "Sniper" {vorpal, Acc+∞ SInv}
     0 | D        | Found the +10 dark maul {vorpal}
     0 | D        | Found the +15 Maxwell's patent armour {-Cast -Tele rElec
                  | Will+ rCorr}
     0 | D        | Found the +18 shield of the Gong {rElec rN+ Will+ EV-5}
     0 | D        | Found the +14 obsidian axe {vorpal, Mesm Drain Fly SInv}
     0 | D        | Found the +7 great mace "Firestarter" {inner flame, rF++}
     0 | D        | Found the +6 shillelagh "Devastator" {shatter}
     0 | D        | Found the +11 plutonium sword {Contam Stlth-}
     0 | D        | Found the +8 lance "Wyrmbane" {slay drac, rPois rF+ rC+
                  | AC+3}
     0 | D        | Found the +9 sword of Zonguldrok {reap}
     0 | D        | Found the +13 scythe of Curses {drain, Drain}
     0 | D        | Found the +5 sword of Power {vorpal}
     0 | D        | Found the +7 mace of Variability {chain chaos}
     0 | D        | Found the +7 Singing Sword {vorpal, sonic wave}
     0 | D        | Found the +8 storm bow {elec, penet}
     2 | D        | Found a transporter.
     2 | D        | Found an ancient bone altar of Kikubaaqudgha.
     2 | D        | Found a viscous altar of Jiyva.
     2 | D        | Found a corrupted altar of Lugonu.
     2 | D        | Found a hazy altar of Hepliaklqana.
     2 | D        | Found a burning altar of Makhleb.
     2 | D        | Found an opulent altar of Gozag.
    82 | D        | Reached skill level 5 in Armour
    82 | D        | Reached skill level 1 in Conjurations
    82 | D        | Reached skill level 1 in Hexes
    82 | D        | Reached skill level 1 in Summonings
    82 | D        | Reached skill level 1 in Necromancy
    82 | D        | Reached skill level 1 in Translocations
    82 | D        | Reached skill level 1 in Transmutations
    82 | D        | Reached skill level 1 in Fire Magic
    82 | D        | Reached skill level 1 in Ice Magic
    82 | D        | Reached skill level 1 in Air Magic
    82 | D        | Reached skill level 1 in Earth Magic
    82 | D        | Reached skill level 1 in Poison Magic
    82 | D        | Reached skill level 2 in Invocations
    82 | D        | Reached XP level 2. HP: 24/24 MP: 1/5
   171 | D        | Became a worshipper of Gozag Ym Sagoz the Greedy
   179 | D        | Entered arena 2.
   179 | D        | Found a transporter.
   185 | D        | Reached skill level 3 in Invocations
   185 | D        | Reached XP level 3. HP: 24/30 MP: 7/7
   246 | D        | Entered arena 3.
   246 | D        | Found a transporter.
   257 | D        | Reached XP level 4. HP: 19/37 MP: 8/8
   627 | D        | Entered arena 4.
   627 | D        | Noticed a bullfrog
   627 | D        | Noticed a wolf
   627 | D        | Found a transporter.
   630 | D        | Killed a bullfrog
   631 | D        | Reached skill level 4 in Invocations
   631 | D        | Reached XP level 5. HP: 43/43 MP: 9/11
   641 | D        | Killed a wolf
   642 | D        | Reached skill level 5 in Fighting
   642 | D        | Reached skill level 5 in Dodging
   642 | D        | Reached skill level 5 in Stealth
   642 | D        | Reached XP level 6. HP: 37/51 MP: 10/12
   643 | D        | Reached skill level 5 in Invocations
   747 | D        | Entered arena 5.
   747 | D        | Noticed a guardian mummy
   747 | D        | Found a transporter.
   751 | D        | Killed a guardian mummy
   752 | D        | Reached skill level 5 in Short Blades
   752 | D        | Reached skill level 5 in Long Blades
   752 | D        | Reached skill level 5 in Axes
   752 | D        | Reached skill level 5 in Maces & Flails
   752 | D        | Reached skill level 5 in Polearms
   752 | D        | Reached skill level 5 in Staves
   752 | D        | Reached skill level 5 in Slings
   752 | D        | Reached skill level 5 in Bows
   752 | D        | Reached skill level 5 in Crossbows
   752 | D        | Reached skill level 5 in Throwing
   752 | D        | Reached skill level 5 in Shields
   752 | D        | Reached skill level 5 in Unarmed Combat
   752 | D        | Reached skill level 5 in Spellcasting
   752 | D        | Reached skill level 6 in Invocations
   752 | D        | Reached XP level 7. HP: 58/58 MP: 12/15
   771 | D        | Got the amulet "Tarogiost" {Reflect rN+++ SH+5}
   813 | D        | Entered arena 6.
   813 | D        | Noticed a spriggan
   813 | D        | Noticed a spriggan
   813 | D        | Noticed a spriggan
   813 | D        | Noticed a spriggan
   813 | D        | Noticed a spriggan
   813 | D        | Found a transporter.
   815 | D        | Killed a spriggan
   816 | D        | Killed a spriggan
   816 | D        | Killed a spriggan
   816 | D        | Killed a spriggan
   817 | D        | Reached skill level 5 in Conjurations
   817 | D        | Reached skill level 5 in Hexes
   817 | D        | Reached skill level 5 in Summonings
   817 | D        | Reached skill level 5 in Necromancy
   817 | D        | Reached skill level 5 in Translocations
   817 | D        | Reached skill level 5 in Transmutations
   817 | D        | Reached skill level 5 in Fire Magic
   817 | D        | Reached skill level 5 in Ice Magic
   817 | D        | Reached skill level 5 in Air Magic
   817 | D        | Reached skill level 5 in Earth Magic
   817 | D        | Reached skill level 5 in Poison Magic
   817 | D        | Reached skill level 7 in Invocations
   817 | D        | Reached XP level 8. HP: 61/67 MP: 15/17
   818 | D        | Killed a spriggan
   853 | D        | Entered arena 7.
   853 | D        | Noticed a hell hog
   864 | D        | Found a transporter.
   870 | D        | Reached skill level 8 in Invocations
   870 | D        | Reached skill level 10 in Evocations
   870 | D        | Reached XP level 9. HP: 46/74 MP: 18/20
  1116 | D        | Got the +5 morningstar "Kilesas" {pain, *Rage *Slow +Blink
                  | rCorr}
  1137 | D        | Entered arena 8.
  1138 | D        | Found a transporter.
  1166 | D        | Got the +4 long sword of Covvoj {vorpal, rElec rF+ rC+}
  1174 | D        | Entered arena 9.
  1182 | D        | Found a transporter.
  1240 | D        | Entered arena 10.
  1240 | D        | Found the +5 demon whip "Spellbinder" {antimagic, Will+}
  1240 | D        | Noticed an ice devil
  1240 | D        | Noticed Zugodoja the pandemonium lord
  1245 | D        | Reached skill level 9 in Invocations
  1245 | D        | Killed an ice devil
  1246 | D        | Reached XP level 10. HP: 81/82 MP: 22/22
  1251 | D        | Paralysed by Zugodoja for 2 turns
  1270 | D        | Killed Zugodoja the pandemonium lord
  1271 | D        | Reached skill level 10 in Fighting
  1271 | D        | Reached skill level 10 in Armour
  1271 | D        | Reached skill level 10 in Dodging
  1271 | D        | Reached skill level 10 in Stealth
  1271 | D        | Reached skill level 10 in Invocations
  1271 | D        | Reached XP level 11. HP: 72/91 MP: 2/24
  1350 | D        | Found a transporter.
  1410 | D        | Got the +8 spear "Xengiave" {pain, rF+ Str+3 Int+4}
  1454 | D        | Entered arena 11.
  1459 | D        | Reached skill level 10 in Short Blades
  1459 | D        | Reached skill level 10 in Long Blades
  1459 | D        | Reached skill level 10 in Axes
  1459 | D        | Reached skill level 10 in Maces & Flails
  1459 | D        | Reached skill level 10 in Polearms
  1459 | D        | Reached skill level 10 in Staves
  1459 | D        | Reached skill level 10 in Slings
  1459 | D        | Reached skill level 10 in Bows
  1459 | D        | Reached skill level 10 in Crossbows
  1459 | D        | Reached skill level 10 in Throwing
  1459 | D        | Reached skill level 10 in Shields
  1459 | D        | Reached skill level 10 in Unarmed Combat
  1459 | D        | Reached skill level 10 in Spellcasting
  1639 | D        | Found a transporter.
  1671 | D        | Entered arena 12.
  1671 | D        | Noticed an anaconda
  1676 | D        | Identified the amulet of Ifaos {Spirit rPois rF+ Will+
                  | Dex-2}
  1678 | D        | Reached skill level 11 in Invocations
  1680 | D        | Found a transporter.
  1698 | D        | Killed an anaconda
  2006 | D        | Got the ring of Guxovym {rC+ rCorr EV+4 Dex-3}
  2117 | D        | Entered arena 13.
  2117 | D        | Noticed Blork the orc
  2117 | D        | Noticed Psyche
  2117 | D        | Noticed Aizul
  2117 | D        | Noticed Frances
  2117 | D        | Noticed Sonja
  2117 | D        | Noticed Prince Ribbit
  2118 | D        | Noticed Saint Roka
  2119 | D        | Killed Prince Ribbit
  2119 | D        | Noticed Jessica
  2120 | D        | Noticed Nessos
  2120 | D        | Noticed Eustachio
  2121 | D        | Killed Sonja
  2126 | D        | Killed Frances
  2126 | D        | Killed Psyche
  2133 | D        | Found a transporter.
  2136 | D        | Killed Eustachio
  2197 | D        | Got the +3 chain mail of Ekyuregg {rN+ rCorr}
  2333 | D        | Entered arena 14.
  2334 | D        | Noticed a five-headed hydra
  2336 | D        | Noticed a four-headed hydra
  2338 | D        | Noticed a spriggan druid
  2341 | D        | Noticed a spriggan berserker
  2341 | D        | Your ally died
  2343 | D        | Killed a five-headed hydra
  2344 | D        | Killed a spriggan druid
  2345 | D        | Reached XP level 12. HP: 89/100 MP: 25/27
  2346 | D        | Reached skill level 12 in Invocations
  2348 | D        | Killed a four-headed hydra
  2528 | D        | Found a transporter.
  2562 | D        | Got the +3 rapier of Ompeci Miss {vorpal, Will+}
  2565 | D        | Entered arena 15.
  2566 | D        | Noticed a war gargoyle
  2566 | D        | Noticed an ancient champion
  2566 | D        | Noticed an ancient champion
  2566 | D        | Noticed a war gargoyle
  2566 | D        | Noticed an iron dragon
  2566 | D        | Noticed a crystal echidna
  2566 | D        | Found the +27 Lear's hauberk
  2567 | D        | Noticed an ancient champion
  2567 | D        | Noticed a crystal echidna
  2567 | D        | Noticed a war gargoyle
  2567 | D        | Noticed a Hell Sentinel
  2567 | D        | Noticed an ancient champion
  2567 | D        | Noticed an ancient champion
  2567 | D        | Noticed a war gargoyle
  2567 | D        | Killed a war gargoyle
  2569 | D        | Found a transporter.
  2569 | D        | HP: 2/102 [iron dragon/spray of metal splinters (34)]
  2569 | D        | Killed an ancient champion
  2570 | D        | Reached skill level 10 in Conjurations
  2570 | D        | Reached skill level 10 in Hexes
  2570 | D        | Reached skill level 10 in Summonings
  2570 | D        | Reached skill level 10 in Necromancy
  2570 | D        | Reached skill level 10 in Translocations
  2570 | D        | Reached skill level 10 in Transmutations
  2570 | D        | Reached skill level 10 in Fire Magic
  2570 | D        | Reached skill level 10 in Ice Magic
  2570 | D        | Reached skill level 10 in Air Magic
  2570 | D        | Reached skill level 10 in Earth Magic
  2570 | D        | Reached skill level 10 in Poison Magic
  2571 | D        | Killed a crystal echidna
  2575 | D        | Killed an iron dragon
  2580 | D        | Killed a crystal echidna
  2581 | D        | Reached skill level 13 in Invocations
  2585 | D        | Killed a war gargoyle
  2871 | D        | Got the ring of Tuchian {+Blink rPois Str+6 Int+3 Dex+3}
  2927 | D        | Entered arena 16.
  2930 | D        | Noticed a vault guard
  2930 | D        | Noticed a vault guard
  2930 | D        | Noticed a stone giant
  2930 | D        | Noticed a vault guard
  2930 | D        | Noticed a vault guard
  2930 | D        | Noticed a vault guard
  2931 | D        | Noticed a vault guard
  2931 | D        | Noticed a stone giant
  2931 | D        | Noticed a shadow dragon
  2931 | D        | Noticed a vault guard
  2931 | D        | Noticed a vault guard
  2931 | D        | Noticed a lich
  2931 | D        | Noticed a vault guard
  2931 | D        | Found the +6 arbalest "Damnation" {damnation}
  2934 | D        | Killed a vault guard
  2935 | D        | Killed a shadow dragon
  2939 | D        | Killed a vault guard
  2940 | D        | Reached XP level 13. HP: 78/109 MP: 29/29
  2943 | D        | Killed a vault guard
  2946 | D        | Killed a vault guard
  2947 | D        | Found a transporter.
  3011 | D        | Got Vehumet's Collected Works on Conjuration
  3016 | D        | Learned a level 3 spell: Mephitic Cloud
  3019 | D        | Learned a level 2 spell: Blink
  3021 | D        | Got Labubesm's Catalogue of Conjuration
  3024 | D        | Got the Reference Book on the Dislocated Birds
  3038 | D        | Learned a level 4 spell: Olgreb's Toxic Radiance
  3049 | D        | Got the ring "Diragiog" {rElec MP+9 Str+3 SInv}
  3057 | D        | Entered arena 17.
  3302 | D        | Found a transporter.
  3391 | D        | Entered arena 18.
  3398 | D        | Noticed a merfolk impaler
  3400 | D        | Noticed a merfolk impaler
  3401 | D        | Noticed a merfolk impaler
  3408 | D        | Reached skill level 14 in Invocations
  3408 | D        | Killed a merfolk impaler
  3542 | D        | Found a transporter.
  3583 | D        | Got Dommoq's Catalogue of Oozing Pus
  3594 | D        | Learned a level 4 spell: Dispel Undead
  3600 | D        | Learned a level 5 spell: Fireball
  3604 | D        | Learned a level 3 spell: Vampiric Draining
  3769 | D        | Entered arena 19.
  3774 | D        | Noticed a quicksilver elemental
  3774 | D        | Noticed a caustic shrike
  3774 | D        | Noticed a war gargoyle
  3774 | D        | Noticed a war gargoyle
  3774 | D        | Noticed an ancient champion
  3774 | D        | Noticed a war gargoyle
  3774 | D        | Noticed an ancient champion
  3774 | D        | Noticed a dread lich
  3775 | D        | Noticed an ancient champion
  3775 | D        | Noticed a quicksilver elemental
  3775 | D        | Killed a war gargoyle
  3777 | D        | Killed a caustic shrike
  3779 | D        | Killed an ancient champion
  3780 | D        | Killed a quicksilver elemental
  3781 | D        | Reached skill level 15 in Invocations
  3782 | D        | Killed a war gargoyle
  3783 | D        | Noticed an ancient champion
  3783 | D        | Killed a quicksilver elemental
  3784 | D        | Noticed a cacodemon
  3785 | D        | Reached XP level 14. HP: 97/119 MP: 31/31
  3786 | D        | Noticed a cacodemon
  3795 | D        | Killed a dread lich
  3796 | D        | Reached skill level 15 in Crossbows
  3796 | D        | Reached skill level 15 in Throwing
  3796 | D        | Reached skill level 16 in Invocations
  3796 | D        | Reached skill level 15 in Evocations
  3802 | D        | Found a transporter.
  3941 | D        | Entered arena 20.
  3946 | D        | Noticed a nagaraja
  3952 | D        | Noticed a nagaraja
  4006 | D        | Found a transporter.
  4097 | D        | Got the +9 rapier of Mesor {vorpal, rPois Will+}
  4110 | D        | Entered arena 21.
  4115 | D        | Noticed a yellow draconian
  4115 | D        | Noticed a red draconian
  4115 | D        | Noticed a purple draconian
  4116 | D        | Noticed a yellow draconian annihilator
  4116 | D        | Noticed a purple draconian
  4116 | D        | Noticed a green draconian annihilator
  4116 | D        | Noticed a white draconian monk
  4116 | D        | Noticed a yellow draconian monk
  4116 | D        | Noticed a black draconian knight
  4116 | D        | Noticed a green draconian
  4116 | D        | Noticed a red draconian
  4116 | D        | Noticed a white draconian
  4116 | D        | Noticed a white draconian
  4117 | D        | Noticed a yellow draconian
  4117 | D        | Noticed a black draconian
  4118 | D        | Killed a white draconian
  4120 | D        | Killed a green draconian
  4120 | D        | Killed a red draconian
  4120 | D        | Killed a purple draconian
  4121 | D        | Killed a green draconian
  4121 | D        | Noticed a red draconian
  4121 | D        | Noticed a green draconian shifter
  4122 | D        | Killed a red draconian
  4122 | D        | Killed a green draconian shifter
  4123 | D        | Reached skill level 15 in Armour
  4123 | D        | Killed a white draconian
  4124 | D        | Noticed a red draconian knight
  4124 | D        | Killed a black draconian
  4124 | D        | Killed a purple draconian
  4125 | D        | Killed a red draconian
  4125 | D        | Killed a red draconian knight
  4126 | D        | Reached skill level 17 in Invocations
  4127 | D        | Killed a black draconian knight
  4135 | D        | Identified the ring of Olasum {Ice Will+ rCorr Str-4}
  4135 | D        | Noticed a black draconian
  4136 | D        | Killed a yellow draconian monk
  4138 | D        | Killed a black draconian
  4139 | D        | Killed a purple draconian
  4141 | D        | Killed a yellow draconian annihilator
  4142 | D        | Killed a black draconian
  4143 | D        | Killed a yellow draconian
  4147 | D        | Killed a white draconian
  4283 | D        | Found a transporter.
  4310 | D        | Got the Tome of Conjuration
  4352 | D        | Entered arena 22.
  4358 | D        | Noticed a deep elf master archer
  4358 | D        | Noticed a deep elf blademaster
  4360 | D        | Noticed a deep elf blademaster
  4361 | D        | Noticed a deep elf blademaster
  4361 | D        | Noticed a deep elf elementalist
  4361 | D        | Noticed a deep elf annihilator
  4362 | D        | Identified the +9 halberd of Taxation {venom, *Rage}
  4363 | D        | Noticed a deep elf sorcerer
  4364 | D        | Identified the ring of Sit Dem {*Slow rPois Will++ Dex+4}
  4364 | D        | Noticed a deep elf sorcerer
  4364 | D        | Identified the +1 robe of Jaboyhol {*Corrode rPois rF+}
  4364 | D        | Noticed a deep elf sorcerer
  4365 | D        | Killed a deep elf sorcerer
  4367 | D        | Killed a deep elf annihilator
  4367 | D        | Noticed a deep elf blademaster
  4368 | D        | Noticed a deep elf master archer
  4368 | D        | Found the +7 Spriggan's Knife {stab, EV+4 Stlth+}
  4372 | D        | Killed a deep elf elementalist
  4373 | D        | Reached skill level 15 in Fighting
  4373 | D        | Reached skill level 15 in Dodging
  4373 | D        | Reached skill level 15 in Stealth
  4382 | D        | Found a transporter.
  4389 | D        | Got the Almanac of Warped Lightness
  4397 | D        | Killed a deep elf master archer
  4406 | D        | Got Koybax's Almanac of the Compass and Intoxication
  4457 | D        | Bought a potion of resistance for 110 gold pieces
  4457 | D        | Bought a potion of haste for 110 gold pieces
  4457 | D        | Bought a potion of invisibility for 88 gold pieces
  4457 | D        | Bought a potion of invisibility for 88 gold pieces
  4457 | D        | Bought a potion of cancellation for 88 gold pieces
  4457 | D        | Bought a potion of curing for 33 gold pieces
  4457 | D        | Bought a potion of berserk rage for 55 gold pieces
  4491 | D        | Entered arena 23.
  4507 | D        | Reached skill level 15 in Short Blades
  4507 | D        | Reached skill level 15 in Long Blades
  4507 | D        | Reached skill level 15 in Axes
  4507 | D        | Reached skill level 15 in Maces & Flails
  4507 | D        | Reached skill level 15 in Polearms
  4507 | D        | Reached skill level 15 in Staves
  4507 | D        | Reached skill level 15 in Slings
  4507 | D        | Reached skill level 15 in Bows
  4507 | D        | Reached skill level 15 in Shields
  4507 | D        | Reached skill level 15 in Unarmed Combat
  4507 | D        | Reached skill level 15 in Spellcasting
  4509 | D        | Identified the +7 long sword of Eternal War {vorpal, rC+
                  | Dex+2}
  4509 | D        | Identified the +7 hunting sling "Liag" {venom, rN+}
  4509 | D        | Identified the +11 short sword of Blood-Lust {vorpal, Str-3
                  | Int+5 Stlth+}
  4510 | D        | Reached skill level 18 in Invocations
  4516 | D        | Reached XP level 15. HP: 55/129 MP: 22/34
  4754 | D        | Found a transporter.
  4897 | D        | Entered arena 24.
  4903 | D        | Noticed a yellow draconian scorcher
  4903 | D        | Noticed a green draconian scorcher
  4904 | D        | Noticed a yellow draconian stormcaller
  4905 | D        | Noticed a yellow draconian stormcaller
  4907 | D        | Killed a green draconian scorcher
  4908 | D        | Killed a yellow draconian stormcaller
  4911 | D        | Killed a green draconian scorcher
  4913 | D        | Found a transporter.
  4922 | D        | Killed a green draconian knight
  4929 | D        | Killed a purple draconian knight
  4964 | D        | Got Sif Muna's Almanac of Mutagenic Ice
  5064 | D        | Got the Incunabulum of Transmutation
  5130 | D        | Entered arena 25.
  5138 | D        | Noticed a quicksilver dragon
  5138 | D        | Noticed a quicksilver dragon
  5138 | D        | Noticed an iron dragon
  5138 | D        | Noticed an iron dragon
  5138 | D        | Noticed an iron dragon
  5139 | D        | Noticed an iron dragon
  5139 | D        | Noticed a quicksilver dragon
  5140 | D        | Noticed an iron dragon
  5140 | D        | Noticed an iron dragon
  5140 | D        | Noticed a quicksilver dragon
  5143 | D        | Noticed a quicksilver dragon
  5143 | D        | Noticed a quicksilver dragon
  5144 | D        | Noticed an iron dragon
  5144 | D        | Noticed a quicksilver dragon
  5144 | D        | Noticed a quicksilver dragon
  5146 | D        | Reached skill level 19 in Invocations
  5146 | D        | Killed a quicksilver dragon
  5146 | D        | Killed a quicksilver dragon
  5147 | D        | Killed an iron dragon
  5147 | D        | Noticed an iron dragon
  5150 | D        | Killed a quicksilver dragon
  5156 | D        | Killed a quicksilver dragon
  5157 | D        | Killed a quicksilver dragon
  5158 | D        | Reached skill level 20 in Invocations
  5159 | D        | Killed a quicksilver dragon
  5168 | D        | Killed a quicksilver dragon
  5170 | D        | Killed a quicksilver dragon
  5173 | D        | Killed an iron dragon
  5176 | D        | Found a transporter.
  5196 | D        | Killed an iron dragon
  5200 | D        | Killed an iron dragon
  5219 | D        | Killed an iron dragon
  5219 | D        | Killed an iron dragon
  5220 | D        | Reached skill level 21 in Invocations
  5220 | D        | Reached XP level 16. HP: 88/141 MP: 36/36
  5279 | D        | Reached skill level 15 in Conjurations
  5279 | D        | Reached skill level 15 in Hexes
  5279 | D        | Reached skill level 15 in Summonings
  5279 | D        | Reached skill level 15 in Necromancy
  5279 | D        | Reached skill level 15 in Translocations
  5279 | D        | Reached skill level 15 in Transmutations
  5279 | D        | Reached skill level 15 in Fire Magic
  5279 | D        | Reached skill level 15 in Ice Magic
  5279 | D        | Reached skill level 15 in Air Magic
  5279 | D        | Reached skill level 15 in Earth Magic
  5279 | D        | Reached skill level 15 in Poison Magic
  5291 | D        | Reached skill level 22 in Invocations
  5791 | D        | Got the amulet "Nacud" {Acrobat Rampage rF+ Dex-5 SInv}
  5903 | D        | Got Sif Muna's Catalogue of Ghastly Execration
  5930 | D        | Acquired 753 gold pieces
  5941 | D        | Got the ring "Huco Gio" {Wiz rN+ Will- Str+2}
  5946 | D        | Got the amulet of Piogish {Spirit Dex+4 SInv}
  5989 | D        | Entered arena 26.
  5998 | D        | Noticed Erica
  5998 | D        | Noticed Ereshkigal
  5998 | D        | Noticed Xtahua
  5998 | D        | Noticed Pikel
  5998 | D        | Noticed Urug
  5998 | D        | Noticed Chuck
  5998 | D        | Noticed the Royal Jelly
  5998 | D        | Noticed Edmund
  5998 | D        | Noticed Sigmund
  5998 | D        | Noticed Nergalle
  5999 | D        | Noticed Nellie
  6000 | D        | Noticed an azure jelly
  6000 | D        | Noticed a rockslime
  6000 | D        | Noticed an azure jelly
  6000 | D        | Noticed an azure jelly
  6000 | D        | Noticed Khufu
  6000 | D        | Killed Erica
  6001 | D        | Noticed a tentacled monstrosity
  6001 | D        | Noticed an acid blob
  6001 | D        | Noticed an acid blob
  6001 | D        | Noticed Agnes
  6002 | D        | Killed Urug
  6003 | D        | Your ally died
  6003 | D        | Killed Chuck
  6003 | D        | Killed Josephine
  6004 | D        | Noticed a rockslime
  6004 | D        | Noticed an azure jelly
  6004 | D        | Killed Khufu
  6008 | D        | Noticed a Tzitzimitl
  6008 | D        | Killed an acid blob
  6009 | D        | Killed an azure jelly
  6009 | D        | Killed an azure jelly
  6009 | D        | Killed Sigmund
  6009 | D        | Killed Nergalle
  6010 | D        | Noticed Joseph
  6011 | D        | Noticed Antaeus
  6012 | D        | Killed Xtahua
  6012 | D        | Noticed an azure jelly
  6013 | D        | Killed a rockslime
  6017 | D        | Found the +7 sceptre of Asmodeus
  6017 | D        | Noticed Asmodeus
  6018 | D        | Noticed a rockslime
  6018 | D        | Noticed Maurice
  6019 | D        | Noticed an acid blob
  6019 | D        | Found the +4 dragonskin cloak
  6019 | D        | Noticed Tiamat
  6019 | D        | Noticed an acid blob
  6021 | D        | Noticed a Hell Sentinel
  6021 | D        | Noticed Snorg
  6021 | D        | Noticed Jory
  6021 | D        | Found the +4 staff of Dispater
  6021 | D        | Noticed Dispater
  6021 | D        | Found the +6 sword of Cerebov {flame}
  6021 | D        | Identified the ring "Neupavun" {rPois rF+ rN+ MP+9 Dex-3}
  6021 | D        | Noticed Cerebov
  6022 | D        | Killed Harold
  6023 | D        | Noticed a tentacled monstrosity
  6023 | D        | Noticed a Hell Sentinel
  6023 | D        | Noticed Terence
  6023 | D        | Noticed Donald
  6023 | D        | Noticed Margery
  6023 | D        | Identified the ring "Umauxzo" {rN+ rCorr Str+6 Dex+4}
  6023 | D        | Noticed Dowan
  6023 | D        | Noticed Mnoleg
  6023 | D        | Noticed a Tzitzimitl
  6023 | D        | a tentacled monstrosity changed into a Tzitzimitl
  6023 | D        | Killed Agnes
  6024 | D        | Noticed a Brimstone Fiend
  6026 | D        | Found a transporter.
  6027 | D        | Noticed an acid blob
  6027 | D        | Noticed a rockslime
  6027 | D        | Noticed a rockslime
  6027 | D        | Your ally died
  6027 | D        | Killed a rockslime
  6027 | D        | Killed Snorg
  6028 | D        | Entered arena 27.
  6028 | D        | Killed Pikel
  6030 | D        | Killed Maurice
  6030 | D        | Killed an azure jelly
  6030 | D        | Killed Joseph
  6031 | D        | Killed an azure jelly
  6033 | D        | Your ally died
  6033 | D        | Killed an azure jelly
  6035 | D        | Your ally died
  6038 | D        | Your ally died
  6038 | D        | Killed the Royal Jelly
  6041 | D        | Your ally died
  6044 | D        | Identified the +10 short sword "Backscratcher" {vorpal,
                  | Will++ Int+5 Dex-4}
  6045 | D        | Identified the ring "Nociup" {rElec rPois Will+ Int+6}
  6046 | D        | Identified the +7 triple sword "Fithrueq" {flame, Int+3}
  6046 | D        | Identified the +7 halberd of Loowukh {venom, rC+ Int+2}
  6051 | D        | Noticed a purple draconian monk
  6063 | D        | Identified the ring "Xyass" {rElec rC+ rN+ Int-5}
  6064 | D        | Noticed a black draconian monk
  6065 | D        | Identified the +4 short sword of Daemalor {speed, Dex+5}
                  | (You took it off a purple draconian in the Dungeon)
  6073 | D        | Reached skill level 23 in Invocations
  6073 | D        | Identified the +4 quarterstaff of the Peculiar Seers
                  | {drain, rF++}
  6077 | D        | Killed a black draconian monk
  6086 | D        | Identified the +9 halberd of the Sun {flame, rF+}
  6110 | D        | Killed an acid blob
  6137 | D        | Killed an azure jelly
  6283 | D        | Killed an acid blob
  6377 | D        | Killed an azure jelly
  6471 | D        | Found a transporter.
  6476 | D        | Got the Tome of the Glacier
  6563 | D        | Got the +1 pair of gloves "Usixeuz" {Will+}
  6583 | D        | Entered arena 28.
  6592 | D        | Noticed a lich
  6595 | D        | Noticed a lich
  6601 | D        | Noticed a lich
  6601 | D        | Noticed a lich
  6601 | D        | Noticed a lich
  6601 | D        | Noticed an ancient lich
  6604 | D        | Killed a lich
  6606 | D        | Killed a lich
  6608 | D        | Noticed an ancient lich
  6611 | D        | Noticed a lich
  6615 | D        | Identified the amulet of Pride {Acrobat Rampage rElec}
  6630 | D        | Found the +3 warlock's mirror {reflect}
  6634 | D        | Found a transporter.
  6779 | D        | Got the Orb of Zot
  6784 | D        | Escaped with the Orb!

Illustrated notes

Levels and vault maps discovered:
D:        sprint_v [room_start, room_1, room_2, room_3, room_4, room_5, room_6,
          room_7, room_8, room_9, room_10, room_11, room_12, room_13, room_14,
          room_15, room_16, room_17, room_18, room_19, room_20, room_21,
          room_22, room_23, room_24, room_25, room_26, room_27]

Skill      XL: |  1  2  3  4  5  6  7  8  9 10 11 12 13 14 15 16 |
---------------+-------------------------------------------------+-----
Fighting       | 3 4 5 6 7 8 10 11 12 13 15 17 18 | 18.6
Short Blades   | 2 3 4 5 6 7 8 9 11 12 13 15 16 18 | 18.3
Long Blades    | 2 3 4 5 6 7 8 9 11 12 13 15 16 18 | 18.5
Axes           | 2 3 4 5 6 7 8 9 11 12 13 15 16 18 | 18.3
Maces & Flails | 2 3 4 5 6 7 8 9 11 12 13 15 16 18 | 18.3
Polearms       | 2 3 4 5 6 7 8 9 11 12 13 15 16 18 | 18.3
Staves         | 2 3 4 5 6 7 8 9 11 12 13 15 16 18 | 18.3
Slings         | 2 3 4 5 6 7 8 9 11 12 13 15 16 18 | 18.3
Bows           | 2 3 4 5 6 7 8 9 11 12 13 15 16 18 | 18.3
Crossbows      | 2 3 4 5 6 7 8 9 11 12 14 17 19 22 | 22.0
Throwing       | 2 3 4 5 6 7 8 9 11 12 14 17 19 22 | 22.2
Armour         | 5 6 7 8 9 10 11 13 14 15 17 18 | 18.7
Dodging        | 3 4 5 6 7 8 10 11 12 13 15 17 18 | 18.5
Stealth        | 3 4 5 6 7 8 10 11 12 13 15 16 18 | 18.5
Shields        | 2 3 4 5 6 7 8 9 11 12 13 15 16 18 | 18.3
Unarmed Combat | 2 3 4 5 6 7 8 9 11 12 13 15 16 18 | 18.3
Spellcasting   | 2 3 4 5 6 7 8 9 11 12 13 15 16 18 | 18.3
Conjurations   | 1 2 3 4 5 6 8 9 10 11 13 14 15 | 15.8
Hexes          | 1 2 3 4 5 6 8 9 10 11 13 14 15 | 15.8
Summonings     | 1 2 3 4 5 6 8 9 10 11 13 14 15 | 15.8
Necromancy     | 1 2 3 4 5 6 8 9 10 11 13 14 15 | 15.8
Translocations | 1 2 3 4 5 6 8 9 10 11 13 14 15 | 15.8
Transmutations | 1 2 3 4 5 6 8 9 10 11 13 14 15 | 15.8
Fire Magic     | 1 2 3 4 5 6 8 9 10 11 13 14 15 | 15.8
Ice Magic      | 1 2 3 4 5 6 8 9 10 11 13 14 15 | 15.8
Air Magic      | 1 2 3 4 5 6 8 9 10 11 13 14 15 | 15.8
Earth Magic    | 1 2 3 4 5 6 8 9 10 11 13 14 15 | 15.8
Poison Magic   | 1 2 3 4 5 6 8 9 10 11 13 14 15 | 15.8
Invocations    | 2 3 4 6 7 8 9 10 11 13 15 18 21 23 | 23.4
Evocations     | 7 8 9 10 11 12 13 14 16 17 19 | 19.1

Action                   |  1- 3 |  4- 6 |  7- 9 | 10-12 | 13-15 | 16-18 || total
-------------------------+-------+-------+-------+-------+-------+-------++-------
Melee: Demon trident     |    15 |    20 |    14 |    13 |    21 |       ||    83
       Bite              |     1 |     2 |     2 |     4 |     4 |    13 ||    26
       Double sword      |       |       |     9 |     8 |     1 |       ||    18
       Long sword        |       |       |       |    11 |       |       ||    11
       Lance             |       |       |       |     8 |    43 |    54 ||   105
Throw: Javelin           |       |       |       |       |     1 |     9 ||    10
 Cast: Blink             |       |       |       |       |     3 |     5 ||     8
       Fireball          |       |       |       |       |     1 |       ||     1
       Mephitic Cloud    |       |       |       |       |     1 |       ||     1
Invok: Bribe Branch      |       |       |       |     1 |     4 |     3 ||     8
       Potion Petition   |       |       |       |     1 |     1 |     3 ||     5
       Call Merchant     |       |       |       |       |     1 |       ||     1
 Abil: Evoke Blink       |       |       |       |       |       |     8 ||     8
Evoke: Piece from Xom's  |     1 |     2 |       |       |       |     2 ||     5
       Lightning rod     |       |     3 |     3 |     5 |       |       ||    11
       Wand              |       |       |    12 |    12 |     1 |     4 ||    29
       Condenser vane    |       |       |     2 |     7 |    11 |     4 ||    24
       Phial of floods   |       |       |     1 |     1 |     1 |       ||     3
       Box of beasts     |       |       |       |     1 |     6 |     2 ||     9
       Phantom mirror    |       |       |       |       |     9 |     4 ||    13
       Tin of tremorston |       |       |       |       |     6 |     7 ||    13
  Use: Potion            |     1 |       |       |    10 |     3 |     8 ||    22
       Scroll            |       |       |       |     5 |     7 |     6 ||    18
 Stab: Distracted        |       |       |       |     1 |     1 |     4 ||     6
Armor: Storm dragon scal |    35 |    24 |     5 |    14 |       |       ||    78
       Chain mail        |       |       |       |     3 |    22 |    14 ||    39
Dodge: Dodged            |    25 |    16 |     9 |     5 |    22 |    11 ||    88
Block: Kite shield       |    27 |    24 |    29 |    92 |    70 |    55 ||   297
       Reflection        |       |       |       |     6 |     1 |     4 ||    11

Table legend: (Time is in decaauts)
 A = Elapsed time spent in this place.
 B = Non-inter-level travel time spent in this place.
 C = Inter-level travel time spent in this place.
 D = Time resting spent in this place.
 E = Time spent auto-exploring this place.
 F = Levels seen in this place.
 G = Mean time per level.
                   A        B        C        D        E       F      G
               +--------+--------+--------+--------+--------+-----+--------+
         Total |   6720 |   6705 |     15 |   2712 |   1339 |   1 | 6720.0 |
       Dungeon |   6720 |   6705 |     15 |   2712 |   1339 |   1 | 6720.0 |
               +--------+--------+--------+--------+--------+-----+--------+

Top non-repeatable levels by time:
       D: 6720 daAuts
